 Dungeon Crawl Stone Soup version 0.27.1-3-gb3d3a73c9e (webtiles) character file.

Game seed: 11314531536342122477

1400 bnorton916 the Jinx (level 8, -6/41 HPs)
             Began as a Deep Elf Conjurer on Oct 12, 2021.
             Was an Initiate of Gozag.
             Mangled by a gnoll sergeant (10 damage)
             ... on level 5 of the Dungeon.
             The game lasted 00:11:48 (9693 turns).

bnorton916 the Jinx (Deep Elf Conjurer)             Turns: 9693, Time: 00:11:48

Health: -6/41      AC:  5    Str:  4    XL:     8   Next: 41%
Magic:  27/27      EV: 12    Int: 26    God:    Gozag
Gold:   957        SH:  0    Dex: 13    Spells: 7/18 levels left

rFire    . . .     SeeInvis .   (no weapon)
rCold    . . .     Faith    .   (no shield)
rNeg     . . .     Spirit   .   r - +2 robe {Will+}
rPois    .         Reflect  .   (no helmet)
rElec    .         Harm     .   (no cloak)
rCorr    .         Rampage  .   (no gloves)
Will     +....                  f - +0 pair of boots
Stlth    ++........             (no amulet)
HPRegen  0.13/turn              n - ring of magical power
MPRegen  0.20/turn              (no ring)

@: no status effects
A: no striking features
a: Renounce Religion, Potion Petition, Call Merchant, Bribe Branch


You were on level 5 of the Dungeon.
You worshipped Gozag.
Gozag was pleased with you.
You visited 2 branches of the dungeon, and saw 6 of its levels.
You also visited: Sewer.

You collected 1009 gold pieces.
You paid 52 gold pieces to Gozag.

Inventory:

Armour
 f - a +0 pair of boots (worn)
 r - a +2 robe of willpower (worn)
Jewellery
 n - a ring of magical power (left hand)
 q - a +4 ring of evasion
Wands
 p - a wand of acid (8)
Scrolls
 b - a scroll of enchant weapon
 e - 3 scrolls of fog
 l - a scroll of amnesia
Potions
 h - a potion of berserk rage
 i - a potion of heal wounds
 k - a potion of lignification {unknown}
 m - 2 potions of curing {unknown}


   Skills:
 - Level 2.4 Dodging
 - Level 2.4 Stealth
 - Level 5.8 Spellcasting
 - Level 6.1 Conjurations
 * Level 8.0 Hexes
 * Level 6.6 Translocations


You had 7 spell levels left.
You knew the following spells:

 Your Spells              Type           Power      Damage    Failure   Level
a - Magic Dart            Conj           100%       1d8       1%          1
b - Searing Ray           Conj           78%        3d6       1%          2
c - Fulminant Prism       Conj/Hex       22%        3d13      3%          4
d - Iskenderun's Mystic   Conj/Tloc      40%        2d9       4%          4

Your spell library contained the following spells:

 Spells                   Type           Power      Damage    Failure   Level
 Apportation              Tloc           84%        N/A       1%          1
 Corona                   Hex            54%        N/A       1%          1
 Dazzling Flash           Conj/Hex       88%        N/A       1%          3
 Static Discharge         Conj/Air       23%        N/A       3%          2
 Animate Skeleton         Necr           14%        N/A       7%          1
 Summon Small Mammal      Summ           28%        N/A       7%          1
 Lightning Bolt           Conj/Air       11%        1d24      50%         5
 Maxwell's Capacitive Co  Air            3%         ∞         100%        8


Dungeon Overview and Level Annotations

Branches:
Dungeon (5/15)             Temple (1/1) D:4           Sewer (visited)

Altars:
Cheibriados
Fedhas
Gozag
Nemelex Xobeh
Okawaru
Wu Jian

Shops:
D:3 ((

Annotations:
D:5 1 transporter, MechaKamiliLaw's ghost, novice DESu


Message History

The gnoll sergeant hits you from afar with a +1 trident of pain!
You writhe in agony.
The gnoll hits you with a +0 quarterstaff.
Unknown command.
The gnoll shaman closely misses you.
The gnoll shouts! x2
There is an open translucent door here.
The gnoll sergeant throws a stone.
The stone barely misses you.
You close the door.
As you read the scroll labelled YCUECV ZOIS, it crumbles to dust.
It is a scroll of enchant weapon.
You aren't carrying any weapons that can be enchanted.
A gnoll opens the door.
As you read the scroll labelled ILUPUPHY DACWO, it crumbles to dust.
Your body is wracked with pain!
The gnoll convulses! x2
The gnoll sergeant convulses!
The gnoll shaman convulses!
The gnoll sergeant convulses!
The gnoll convulses!
It was a scroll of torment.
The gnoll zaps a wand.
You resist with almost no effort.
As you read the scroll labelled ZOASAT KOUMOST, it crumbles to dust.
The creatures around you are filled with an inner flame!
It was a scroll of immolation.
The gnoll sergeant barely misses you.
As you read the scroll labelled OMNE AVILIAF VID, it crumbles to dust.
You assume a fearsome visage.
The gnoll looks frightened! x2
The gnoll sergeant looks frightened!
MechaKamiliLaw's ghost is unaffected.
The gnoll looks frightened!
The gnoll shaman looks frightened!
The gnoll sergeant looks frightened!
It was a scroll of fear.
As you read the scroll labelled XOTAEZ KYBOODD, it crumbles to dust.
The scroll dissolves into smoke.
It was a scroll of fog.
As you read the scroll labelled NABLID ERCHUUJE, it crumbles to dust.
You hear a loud clanging noise!
It was a scroll of noise.
This is a scroll of acquirement!
Something appears at your feet! The gnoll hits you but does no damage.
You are electrocuted!
* * * LOW HITPOINT WARNING * * *
The gnoll sergeant closely misses you.
Unknown command.
The gnoll sergeant hits you from afar with a +1 trident of pain!
You die...
Your body crumbles into a pile of gold.

.....#####.≈≈#...........#≈≈..#
...####....≈≈###.##'##.###≈≈..#
##.####....≈≈..#.#...#.#..≈≈..#
...##......≈≈.##gg..g'.##.≈≈..#
...........≈≈.#.§#..g#..#.≈≈..###
...##......≈≈.##§##.##.##.≈≈.....
##.###.....≈≈..#g#g..#.#......###
##.# #....[≈≈.©#§§ggg'.#©.....#
##.# #.#...≈≈..#@#8§8#.#......#
##.# #.....≈≈.##§#####.##.≈≈..#
##.# #.#...≈≈.#§§#,,,#)©#.≈≈.##
##.# #.##..≈≈.##.#.,,#.##.≈≈.#
##.###.###.≈≈..#.#...#.#..≈≈.#
#..........≈≈###.##'##.###≈≈.#
.#.........≈≈#..........g#≈≈.##
....######.≈≈##$###g###.##≈≈..#
##.........≈≈#.g#8###8#..#≈≈..#


You could see 2 gnoll sergeants and a gnoll.

Vanquished Creatures
  Sigmund (D:5)
  Menkaure (D:5)
  An ice beast (D:3)
  An orc warrior (D:5)
  An ogre (D:5)
  A centaur (D:5)
  Blork the orc (D:5)
  2 bullfrogs (Sewer)
  A water moccasin skeleton (D:5)
  2 bullfrog zombies (D:5)
  A gnoll shaman (D:4)
  A jelly (D:4)
  An orc priest (D:5)
  A centaur skeleton (D:4)
  An orc wizard (D:5)
  A hound skeleton (D:4)
  A howler monkey skeleton (D:5)
  5 gnolls (D:4)
  10 adders
  An adder skeleton (D:4)
  2 worms (D:3)
  A dart slug (D:3)
  7 orcs (D:5)
  20 endoplasms
  18 giant cockroaches
  7 goblins
  3 hobgoblins
  12 jackals
  10 quokkas
  15 ball pythons
  6 bats
  9 frilled lizards (Sewer)
  3 kobolds
  10 rats
158 creatures vanquished.

Vanquished Creatures (others)
  7 fulminant prisms (D:5)
  6 plants (D:5)
13 creatures vanquished.

Grand Total: 171 creatures vanquished

Notes
Turn   | Place    | Note
-------+----------+-------------------------------------------
     0 | D:1      | bnorton916 the Deep Elf Conjurer began the quest for the
                  | Orb.
     0 | D:1      | Reached XP level 1. HP: 10/10 MP: 6/6
   417 | D:1      | Reached XP level 2. HP: 5/15 MP: 0/8
   734 | D:1      | Learned a level 2 spell: Searing Ray
  1162 | D:1      | Found a faded altar of an unknown god.
  1800 | D:2      | Reached skill level 5 in Conjurations
  1800 | D:2      | Reached XP level 3. HP: 19/19 MP: 6/10
  2604 | D:3      | Found an ornate altar of the Wu Jian Council.
  2666 | D:3      | Reached XP level 4. HP: 24/24 MP: 7/12
  2750 | D:3      | Found Tarchohe's Weapon Shoppe.
  2790 | D:3      | Found Jidagrer's Antique Weapon Shop.
  3206 | D:3      | Reached skill level 5 in Spellcasting
  3309 | D:3      | Noticed an ice beast
  3322 | D:3      | Killed an ice beast
  3323 | D:3      | Reached XP level 5. HP: 28/28 MP: 5/15
  3328 | D:3      | Learned a level 4 spell: Fulminant Prism
  3333 | D:3      | Learned a level 4 spell: Iskenderun's Mystic Blast
  3484 | D:3      | Found an opulent altar of Gozag.
  3500 | D:3      | Became a worshipper of Gozag Ym Sagoz the Greedy
  3822 | D:4      | Reached skill level 1 in Hexes
  3822 | D:4      | Reached skill level 1 in Translocations
  3992 | D:4      | Found a staircase to the Ecumenical Temple.
  4035 | D:4      | Reached skill level 2 in Hexes
  4035 | D:4      | Reached XP level 6. HP: 32/32 MP: 10/16
  4040 | Temple   | Entered the Ecumenical Temple
  4119 | D:4      | Reached skill level 3 in Hexes
  4596 | D:4      | Found a blossoming altar of Fedhas.
  4946 | D:5      | Entered Level 5 of the Dungeon
  5046 | D:5      | Reached skill level 4 in Hexes
  5046 | D:5      | Reached XP level 7. HP: 36/36 MP: 17/17
  5095 | D:5      | Noticed Menkaure
  5105 | D:5      | Killed Menkaure
  5106 | D:5      | Reached skill level 5 in Hexes
  5118 | D:5      | Found a glowing drain.
  5199 | Sewer    | Entered a sewer
  7537 | Sewer    | Reached skill level 6 in Hexes
  7537 | Sewer    | Reached skill level 5 in Translocations
  8286 | D:5      | Found a transporter.
  8286 | D:5      | Found a transporter.
  8344 | D:5      | Noticed MechaKamiliLaw's ghost (novice DESu)
  8525 | D:5      | Reached XP level 8. HP: 37/41 MP: 18/18
  8714 | D:5      | Noticed Sigmund
  8720 | D:5      | Killed Sigmund
  8721 | D:5      | Reached skill level 7 in Hexes
  8725 | D:5      | Noticed Blork the orc
  8731 | D:5      | Killed Blork the orc
  9278 | D:5      | Found a sparkling altar of Nemelex Xobeh.
  9278 | D:5      | Found a snail-covered altar of Cheibriados.
  9279 | D:5      | Found an iron altar of Okawaru.
  9481 | D:5      | Reached skill level 8 in Hexes
  9692 | D:5      | Identified a scroll of acquirement
  9692 | D:5      | Acquired a +1 pair of gloves of strength
  9693 | D:5      | Mangled by a gnoll sergeant

Illustrated notes

Levels and vault maps discovered:
D:1:      erik_arrival_triangle_small, layout_basic,
          shapermc_ecumenical_altar_mp_vishouse, fountainhead
D:2:      layout_basic, chequers_mini_garden, minmay_quantized
D:3:      minmay_spotlight, layout_basic, nicolae_overflow_hidden_temple,
          mainiacjoe_overflow_boulevard, serial_shops, shop, shop,
          chequers_serial_rivers_small_3
D:4:      layout_cave_pods, lemuel_crystal_altar, minmay_temple_entry_arrows,
          serial_glass, glass_columns_a, glass_columns_b, glass_columns_c,
          glass_columns_a, glass_columns_a, glass_columns_b
D:5:      layout_loops_ring, chequers_temple_overflow_statue_of_worship,
          portal_sewer_entry_e, gammafunk_ghost_gnarly_gnolls, uniq_menkaure,
          uniq_blork_the_orc, uniq_sigmund
Temple:   bh_familiar_temple

Skill      XL: |  1  2  3  4  5  6  7  8 |
---------------+-------------------------+-----
Spellcasting   | 4 5 |  5.8
Conjurations   | 5 6 |  6.1
Hexes          | 2 4 6 8 |  8.0
Translocations | 1 3 5 6 |  6.6
Dodging        | |  2.4
Stealth        | |  2.4

Action                   |  1- 3 |  4- 6 |  7- 9 || total
-------------------------+-------+-------+-------++-------
Melee: Unarmed           |       |     4 |     6 ||    10
 Cast: Magic Dart        |    79 |    50 |    89 ||   218
       Searing Ray       |     1 |    16 |    21 ||    38
       Fulminant Prism   |       |       |     7 ||     7
  Use: Scroll            |       |     2 |    11 ||    13
Armor: Robe              |     3 |     8 |    10 ||    21
Dodge: Dodged            |    17 |     9 |    23 ||    49
